Map: [ESL] Ghost River

Players

Strange - Winner!

  • Race: Protoss Protoss
  • Spawn Location: 11:00

SKillous

  • Race: Protoss Protoss
  • Spawn Location: 1:00

Event: ESL SC2 Masters 2024 Spring (Regional)

VOD

Have the link to the VOD?

Description

Time

  • Played on: April 21, 2024, 11:33 a.m.
  • Length: 11:46

All games in this series

Show
View Real Time Build Order
Export as new Build Order

Strange Protoss - Winner!

Build Orders: Archon Immortal 

Get SALT Encoding   

  12  0:00  Probe  
  13  0:12  Probe  
  14  0:17  Pylon  
  14  0:24  Probe  
  15  0:35  Gateway  
  15  0:36  Probe (Chrono Boost)  
  16  0:46  Assimilator, Probe (Chrono Boost)  
  17  0:51  Probe (Chrono Boost)  
  17  0:54  Assimilator  
  18  1:03  Probe (Chrono Boost)  
  19  1:06  Gateway  
  19  1:13  Probe (Chrono Boost)  
  19  1:18  Probe (Chrono Boost)  
  20  1:22  Cybernetics Core  
  21  1:29  Probe  
  22  1:35  Pylon  
  22  1:41  Probe  
  23  1:54  Probe  
  24  1:59  Adept  
  26  2:03  Adept  
  26  2:05  Warp Gate  
  26  2:06  Probe  
  26  2:08  Pylon  
  29  2:18  Probe  
  30  2:29  Sentry  
  32  2:32  Sentry  
  34  2:45  Nexus  
  34  2:49  Robotics Facility  
  34  2:57  Probe  
  35  2:59  Sentry  
  35  3:03  Pylon  
  36  3:09  Probe  
  37  3:21  Probe  
  38  3:33  Probe  
  39  3:35  Immortal (Chrono Boost)  
  41  3:45  Probe  
  42  3:53  Adept x2  
  46  3:57  Probe  
  46  4:00  Probe  
  48  4:05  Immortal (Chrono Boost)  
  48  4:09  Probe  
  53  4:12  Probe  
  54  4:21  Probe  
  54  4:23  Shield Battery  
  51  4:25  Probe  
  52  4:32  Warp Prism (Chrono Boost)  
  52  4:33  Probe  
  52  4:35  Assimilator  
  55  4:40  Probe  
  55  4:41  Pylon  
  56  4:46  Forge  
  56  4:47  Probe  
  56  4:52  Shield Battery  
  57  4:54  Probe  
  57  4:59  Probe  
  59  5:04  Assimilator  
  59  5:06  Probe  
  60  5:08  Twilight Council  
  60  5:11  Probe  
  60  5:12  Pylon  
  61  5:17  Stalker  
  61  5:18  Probe  
  61  5:19  Protoss Ground Weapons Level 1 (Chrono Boost)  
  61  5:23  Probe  
  62  5:30  Probe  
  62  5:31  Immortal (Chrono Boost)  
  67  5:41  Pylon  
  67  5:43  Charge (Chrono Boost)  
  67  5:58  Gateway  
  67  5:59  Gateway  
  67  6:05  Templar Archives  
  67  6:08  Immortal (Chrono Boost)  
  71  6:16  Gateway x2  
  71  6:31  Gateway  
  71  6:33  Pylon  
  71  6:37  Gateway  
  71  6:43  High Templar x2  
  71  6:45  Pylon  
  75  6:48  Archon  
  75  6:55  High Templar  
  75  6:56  High Templar  
  75  6:57  Pylon  
  79  7:01  Archon  
  79  7:15  Pylon  
  79  7:18  High Templar  
  79  7:19  Zealot x2, High Templar  
  87  7:23  Protoss Ground Weapons Level 2 (Chrono Boost)  
  87  7:26  Archon  
  87  7:28  Zealot  
  87  7:29  Zealot x2  
  92  7:34  Nexus  
  92  7:35  Probe  
  91  7:39  Probe  
  91  7:43  Observer (Chrono Boost)  
  91  7:47  Probe  
  91  7:51  Probe  
  94  7:56  Pylon  
  94  7:59  Probe  
  94  8:00  Immortal (Chrono Boost)  
  94  8:03  Probe  
  100  8:11  Probe  
  101  8:15  Probe  
  101  8:16  Shield Battery  
  102  8:23  Probe  
  103  8:27  High Templar x2, Probe  
  103  8:28  Zealot x4  
  116  8:35  Archon  
  116  8:38  Pylon  
  116  8:42  Immortal  
  120  8:48  High Templar  
  120  8:49  High Templar  
  120  8:50  Zealot  
  120  8:54  Archon  
  120  8:55  Zealot  
  128  8:59  Zealot  
  128  9:00  Zealot  
  132  9:03  Zealot  
  134  9:11  Zealot  
  134  9:16  Pylon  
  136  9:20  Zealot x2  
  136  9:21  Zealot x2  
  144  9:35  Zealot x4  
  140  9:41  Zealot x3  
  128  9:56  Zealot x5  
  122  10:08  Zealot x3  
  108  10:17  Zealot x5  
  86  10:29  Zealot  
  86  10:30  Zealot x2  
  82  10:39  Zealot x5  
  84  10:53  Zealot x3  
  80  11:04  Zealot x5  
  90  11:17  Zealot x3  
  90  11:25  Zealot x3  
  92  11:32  Zealot  
  92  11:33  Zealot  
Show
View Real Time Build Order
Export as new Build Order

SKillous Protoss 

Build Orders:  

Get SALT Encoding   

  12  0:00  Probe  
  13  0:12  Probe  
  14  0:17  Pylon  
  14  0:24  Probe (Chrono Boost)  
  15  0:35  Gateway  
  15  0:36  Probe (Chrono Boost)  
  16  0:44  Probe (Chrono Boost)  
  16  0:45  Assimilator  
  17  0:50  Probe  
  17  0:53  Assimilator  
  18  1:03  Probe (Chrono Boost)  
  19  1:08  Gateway  
  19  1:13  Probe (Chrono Boost)  
  19  1:18  Probe (Chrono Boost)  
  20  1:24  Cybernetics Core  
  21  1:29  Probe  
  21  1:32  Pylon  
  22  1:41  Probe  
  23  1:53  Probe  
  24  2:00  Warp Gate, Adept x2  
  28  2:06  Probe  
  29  2:10  Pylon  
  29  2:18  Probe  
  30  2:23  Shield Battery  
  30  2:29  Sentry  
  30  2:30  Sentry  
  34  2:44  Nexus  
  34  2:46  Probe  
  35  2:52  Sentry  
  37  3:00  Robotics Facility  
  37  3:08  Probe  
  37  3:09  Pylon  
  38  3:21  Probe  
  39  3:33  Probe  
  38  3:44  Immortal (Chrono Boost)  
  38  3:45  Probe  
  43  3:53  Sentry, Stalker  
  47  3:57  Probe  
  47  3:59  Probe  
  49  4:09  Probe  
  50  4:11  Probe  
  50  4:13  Warp Prism (Chrono Boost)  
  51  4:22  Probe  
  51  4:23  Probe  
  53  4:24  Twilight Council  
  53  4:28  Pylon  
  53  4:33  Assimilator  
  53  4:34  Probe  
  53  4:35  Probe  
  55  4:39  Observer (Chrono Boost)  
  55  4:43  Adept  
  55  4:44  Adept  
  60  4:46  Probe  
  60  4:50  Pylon  
  62  4:54  Nexus  
  62  4:57  Probe  
  62  5:01  Immortal (Chrono Boost)  
  62  5:07  Probe  
  67  5:09  Probe  
  67  5:11  Pylon  
  68  5:15  Blink (Chrono Boost)  
  68  5:20  Probe  
  69  5:24  Stalker  
  67  5:29  Probe  
  67  5:32  Probe  
  67  5:34  Gateway  
  69  5:38  Assimilator  
  69  5:41  Probe  
  69  5:42  Immortal (Chrono Boost)  
  70  5:44  Probe  
  75  5:53  Probe  
  75  5:54  Gateway  
  76  6:01  Gateway  
  76  6:02  Probe  
  76  6:04  Gateway  
  77  6:08  Gateway  
  77  6:11  Probe x2  
  79  6:15  Immortal (Chrono Boost)  
  83  6:19  Sentry  
  83  6:20  Sentry  
  88  6:25  Probe  
  88  6:29  Forge  
  88  6:30  Pylon  
  88  6:36  Probe  
  88  6:38  Stalker  
  88  6:39  Pylon  
  91  6:46  Stalker x2  
  95  6:48  Protoss Ground Weapons Level 1 (Chrono Boost), Shield Battery  
  95  6:51  Shield Battery  
  95  6:52  Shield Battery  
  95  6:54  Shield Battery  
  95  6:56  Pylon  
  95  6:58  Pylon  
  95  7:08  Photon Cannon  
  95  7:13  Charge (Chrono Boost)  
  95  7:18  Stalker x3  
  101  7:26  Stalker x3  
  101  7:29  Shield Battery  
  107  7:37  Stalker  
  107  7:42  Shield Battery  
  105  7:46  Shield Battery  
  105  7:47  Stalker x3  
  111  7:54  Gateway  
  111  7:59  Stalker x3  
  111  8:03  Pylon  
  117  8:07  Stalker  
  117  8:08  Probe (Chrono Boost)  
  117  8:11  Probe (Chrono Boost)  
  122  8:13  Probe (Chrono Boost)  
  123  8:20  Probe (Chrono Boost)  
  123  8:21  Immortal (Chrono Boost)  
  123  8:23  Pylon, Robotics Bay  
  127  8:29  Probe  
  127  8:30  Probe x2  
  130  8:35  Robotics Facility  
  130  8:38  Assimilator x2  
  130  8:54  Nexus  
  130  8:58  Observer  
  130  9:02  Pylon  
  130  9:04  Stalker x2  
  134  9:10  Disruptor (Chrono Boost)  
  134  9:13  Gateway  
  134  9:14  Photon Cannon  
  138  9:17  Shield Battery  
  138  9:20  Gateway  
  138  9:22  Stalker  
  138  9:23  Disruptor (Chrono Boost)  
  140  9:27  Stalker  
  125  9:42  Stalker x5  
  131  9:54  Stalker x3  
  131  9:58  Disruptor  
  131  9:59  Disruptor  
  137  10:06  Stalker x2  
  141  10:07  Zealot  
  141  10:13  Stalker  
  137  10:19  Stalker  
  137  10:21  Zealot  
  121  10:26  Zealot  
  121  10:28  Zealot  
  105  10:32  Zealot x2  
  105  10:33  Disruptor x2 (Chrono Boost)  
  99  10:36  Zealot  
  99  10:37  Zealot  
  99  10:42  Zealot x2  
  95  10:51  Zealot  
  95  10:52  Zealot x2  
  95  10:54  Zealot  
  96  10:58  Disruptor (Chrono Boost)  
  96  11:03  Zealot x3  
  88  11:07  Zealot  
  77  11:14  Zealot  
  77  11:17  Zealot  
  82  11:22  Zealot x2  
  75  11:27  Zealot x2  
Tags
 
Add a new tag
Caveats
  • Supply blocks, unpowered buildings, or Contaminate may cause inaccurate times.
  • Supply counts are checked every 10 seconds.